Unix NetHack Version 3.7.0-80 Work-in-progress - last build Apr 4 2023 12:38:21 (790859391a0ee7bd3181b412646ad1b7e633ff00,branch:master). Game began 2023-04-07 08:21:33, ended 2023-04-08 12:07:06. spontiff, neutral male gnomish Healer ------- ---------- # ######......| |........| ----.----- ------## |(>....# |........| |........| ###.....|#######......|# |........| |........| #####0 #|....f# |.....|# |.........# |........|### ##|@...|# ---.---# ####### |........|# |.........##########.....|# ####### -.-------- |........|# |........|# ## |....|# ## |........| ----------# -.--------# ## ------# # |........| # ### # ############# ### # #.........| # ##0 ## ## #-----####|........| # # #### # #....|####-........| # # # |...|# |........| # # ##########################....-# --.------- ## ### ### ----- #--------------.-##### #|..............-# # #...............| ---------------- Spontiff the Rhizotomist St:10 Dx:9 Co:17 In:9 Wi:16 Ch:16 Neutral S:274 Dlvl:1 $:1867 HP:22(26) Pw:7(7) AC:8 Xp:1/6 T:2717 Latest messages: You hear nothing special. What do you want to use or apply? [hjksFGJS or ?*] s In what direction? k You hear nothing special. You swap places with your large cat. The large cat bites the newt. The newt is killed! You swap places with your large cat. You see here a crude dagger. E - a crude dagger (2 in total). You see here a scale mail. You have a little trouble lifting a scale mail. Continue? [ynq] (q) y You have a little trouble lifting B - a scale mail. Your movements are slowed slightly because of your load. What do you want to drop? [$bcg-mo-zABE-GI-LSW or ?*] B You drop a scale mail. Your movements are now unencumbered. You swap places with your large cat. What do you want to use or apply? [hjksFGJS or ?*] s In what direction? y You hear nothing special. What do you want to use or apply? [hjksFGJS or ?*] s In what direction? y You hear nothing special. What do you want to use or apply? [hjksFGJS or ?*] s In what direction? j You hear nothing special. What do you want to use or apply? [hjksFGJS or ?*] h You flip through the pages of the dark brown spellbook. The magical ink in this spellbook is fresh. What do you want to use or apply? [hjksFGJS or ?*] s In what direction? j You hear nothing special. What do you want to use or apply? [hjksFGJS or ?*] s In what direction? h You hear nothing special. What do you want to use or apply? [hjksFGJS or ?*] s In what direction? l You hear nothing special. You swap places with your large cat. Where do you want to travel to? (For instructions type a '?') You climb up the stairs. You remember this level as Stashlet. You see here a broken large box containing 4 items. Where do you want to travel to? (For instructions type a '?') Beware, there will be no return! Still climb? [yn] (n) y Do you want your possessions identified? [ynq] (y) y Do you want to see the dungeon overview? [ynq] (y) y Inventory: Coins $ - 1867 gold pieces Amulets A - a cursed amulet of restful sleep Weapons i - 4 uncursed +0 arrows W - 9 uncursed +0 darts u - a blessed +0 dagger q - a cursed +0 elven spear p - an uncursed +1 orcish dagger E - 2 uncursed +0 orcish daggers K - an uncursed +0 scalpel (alternate weapon; not wielded) Armor g - an uncursed +1 pair of leather gloves (being worn) Comestibles z - an uncursed berried treasure y - an uncursed apple Scrolls I - an uncursed scroll of gold detection b - a blessed scroll of identify Spellbooks j - an uncursed spellbook of cancellation h - an uncursed spellbook of charm monster G - an uncursed spellbook of cure sickness J - an uncursed spellbook of extra healing Potions m - a cursed potion of booze t - an uncursed potion of hallucination r - a cursed potion of hallucination c - a blessed potion of healing w - an uncursed potion of object detection o - an uncursed potion of paralysis L - an uncursed potion of speed Rings l - a cursed ring of regeneration Wands S - an uncursed wand of sleep (0:6) Tools F - an uncursed crystal ball (0:3) k - an uncursed lock pick s - an uncursed stethoscope Gems/Stones x - an uncursed worthless piece of blue glass v - an uncursed worthless piece of yellowish brown glass Spontiff the Healer's attributes: Background: You were a Rhizotomist, a level 1 male gnomish Healer. You were neutral, on a mission for Hermes who was opposed by Athena (lawful) and Poseidon (chaotic). You were in the Dungeons of Doom, on level 1. You entered the dungeon 2717 turns ago. You had 6 experience points, 14 more were needed to attain level 2. Your score was 274 before end-of-game adjustments. Basics: You had 22 out of 26 hit points. You had all 7 energy points (spell power). Your armor class was 8. Your wallet contained 1867 zorkmids. Autopickup was on for '$!/="?' plus thrown, with exceptions. Final Characteristics: Your strength was 10 (limit:18/50). Your dexterity was 9 (limit:18). Your constitution was 17 (limit:18). Your intelligence was 9 (limit:19). Your wisdom was 16 (limit:18). Your charisma was 16 (limit:18). Final Status: You were not hungry. You were unencumbered. You were empty handed. You were unskilled in bare handed combat. Final Attributes: You were piously aligned. You were poison resistant. You had infravision. You survived. Miscellaneous: You never encountered a bones level. Total elapsed playing time was 1 hour, 35 minutes and 52 seconds. Major events: Turn 1: spontiff the neutral male gnomish Healer entered the dungeon 1625: entered the Gnomish Mines 2717: escaped Vanquished creatures: a giant bat 2 orc zombies an acid blob a gas spore 2 hobbits a large kobold 2 hobgoblins 2 brown molds 2 yellow molds a red mold a gnome 2 garter snakes 2 geckos 5 jackals a fox a kobold 4 goblins 5 sewer rats 6 grid bugs 2 bats 3 lichens 2 kobold zombies 7 newts 56 creatures vanquished. No species were genocided or became extinct. Voluntary challenges: You never hit with a wielded weapon. You were illiterate. You never engraved Elbereth. You never genocided any monsters. You never polymorphed an object. You never changed form. You used no wishes. Achievement: You entered the Gnomish Mines. The Dungeons of Doom: levels 1 to 5 Level 1: "Stashlet" <- You left from here. Level 2: "teletrap" Level 3: "Buried Treasure Engraving" Some fountains. Level 4: "vault" Stairs down to The Gnomish Mines. Level 5: Many fountains. Oracle of Delphi. The Gnomish Mines: Level 5: Goodbye spontiff the Healer... You escaped from the dungeon with 424 points, 2 worthless pieces of colored glass, 1 amulet of restful sleep (worth 150 zorkmids), and 1867 pieces of gold, after 2717 moves. You were level 1 with a maximum of 26 hit points when you escaped.